 Dungeon Crawl Stone Soup version 0.31.0-11-ge490571c62 (webtiles) character file.

Game seed: 5419899977114920075

9 browni3141 the Conjurer (level 2, 0/19 HPs)
             Began as a Demonspawn Conjurer on Jan 30, 2024.
             Slain by a goblin
             ... wielding a +0 club
              (2 damage)
             ... on level 1 of the Dungeon.
             The game lasted 00:00:09 (323 turns).

browni3141 the Conjurer (Demonspawn Conjurer)        Turns: 323, Time: 00:00:09

Health: 0/19       AC:  2    Str:  7    XL:     2   Next: 3%
Magic:  1/5        EV: 12    Int: 18    God:
Gold:   25         SH:  4    Dex: 11    Spells: 4/5 levels left

rFire   . . .        (no weapon)
rCold   . . .        (no shield)
rNeg    . . .        a - +0 robe
rPois   .            (no helmet)
rElec   .            (no cloak)
rCorr   .            (no gloves)
SInv    .            (no boots)
Will    .....        (no amulet)
Stlth   ++           (no ring)
HPRegen 0.23/turn    (no ring)
MPRegen 0.09/turn

%: no passive effects
@: no status effects
A: large bone plates 1
a: no special abilities


You were on level 1 of the Dungeon.
You visited 1 branch of the dungeon, and saw 1 of its levels.

You collected 25 gold pieces.

Inventory:

Armour
 a - a +0 robe (worn)
Jewellery
 c - an amulet of regeneration
 e - a ring of see invisible
Scrolls
 d - a scroll of identify {unknown}
Potions
 b - a potion of magic


   Skills:
 + Level 2.0 Dodging
 + Level 2.0 Stealth
 + Level 2.1 Spellcasting
 + Level 4.1 Conjurations


You had 4 spell levels left.
You knew the following spells:

 Your Spells              Type           Power      Damage    Failure   Level
a - Magic Dart            Conj           64%        1d6       3%          1

Your spell library contained the following spells:

 Spells                   Type           Power      Damage    Failure   Level
 Searing Ray              Conj           32%        2d5       4%          2
 Fulminant Prism          Conj/Alch      4%         3d5       58%         4
 Iskenderun's Mystic Bla  Conj/Tloc      9%         2d4       58%         4


Dungeon Overview and Level Annotations

Branches:
Dungeon (1/15)

Altars:


Innate Abilities, Weirdness & Mutations

You are partially covered in large bone plates. (SH +4)


Message History

Setting a skill training target for Throwing at 11.0.
You now have 8 gold pieces.
You see here a +0 flail.
A ball python comes into view.
The ball python hisses angrily.
A ball python is nearby!
A ball python is nearby!
A ball python is nearby!
The magic dart hits the ball python.
You kill the ball python!
A frilled lizard comes into view.
The magic dart hits the frilled lizard.
The frilled lizard is heavily wounded.
The magic dart hits the frilled lizard.
You kill the frilled lizard!
Magic restored.
Found a stone staircase leading down.
c - an amulet of regeneration A quokka comes into view.
The quokka moves out of view.
You can't see any susceptible monsters within range! (Use Z to cast anyway.)
You can't see any susceptible monsters within range! (Use Z to cast anyway.)
You can't see any susceptible monsters within range! (Use Z to cast anyway.)
A giant cockroach comes into view.
Found a faded altar of an unknown god.
There are monsters nearby!
There are monsters nearby!
There are monsters nearby!
The magic dart hits the quokka.
The quokka is severely wounded.
The quokka bites you.
The magic dart hits the quokka.
The quokka is almost dead.
The quokka closely misses you.
The magic dart hits the quokka.
You kill the quokka!
You are out of magic!
HP restored.
A giant cockroach is nearby!
A giant cockroach is nearby!
The magic dart hits the giant cockroach.
The giant cockroach is heavily wounded.
The magic dart hits the giant cockroach.
You kill the giant cockroach!
You can't see any susceptible monsters within range! (Use Z to cast anyway.)
You see here a quokka corpse.
A bat comes into view.
A bat is nearby!
A bat is nearby!
The magic dart hits the bat.
The bat is severely wounded.
The bat closely misses you.
The magic dart hits the bat.
You kill the bat!
Your Stealth skill increases to level 2!
You can't see any susceptible monsters within range! (Use Z to cast anyway.)
A giant cockroach comes into view.
A giant cockroach is nearby!
A giant cockroach is nearby!
The magic dart hits the giant cockroach.
The giant cockroach is heavily wounded.
The magic dart hits the giant cockroach.
You kill the giant cockroach!
Your Dodging skill increases to level 2!
You can't see any susceptible monsters within range! (Use Z to cast anyway.)
You can't see any susceptible monsters within range! (Use Z to cast anyway.)
You see here a giant cockroach corpse.
d - a scroll labelled MUDIAMIDGHA
e - a ring of see invisible You now have 25 gold pieces (gained 17).
You open the door.
There is an open door here.
There is an open door here.
You open the door.
You see here a +0 ring mail.
An endoplasm and a goblin come into view.
The endoplasm quivers.
The magic dart hits the endoplasm.
The endoplasm is moderately wounded.
The goblin shouts!
An endoplasm comes into view.
The magic dart hits the endoplasm.
The endoplasm is severely wounded.
The magic dart hits the endoplasm.
You kill the endoplasm!
You have reached level 2!
Your demonic ancestry asserts itself...
Large bone plates grow over parts of your arms.
The goblin closely misses you. The goblin hits you with a +0 club.
The endoplasm barely misses you. The goblin hits you but does no damage.
The endoplasm freezes you.
You are frozen.
The goblin closely misses you. The goblin hits you with a +0 club.
The endoplasm hits you.
The endoplasm jiggles.
The endoplasm freezes you.
You are frozen.
The goblin closely misses you. The endoplasm freezes you.
You are frozen.
The goblin hits you with a +0 club.
You die...

.....###.# .....# #.#
....... .....# #.#
....... .....###.#
.?..... ...#.#...#
....... ##.#.#.###
....... #.#.#.#.#
.......
#.#.#.#.########g......
#.#.#.#.......[@J.....$
##†#.#.#.......#########
...#.#.#.#####.#######
......................
####.#.#.#.....#######
####.#.#+#..#####
#..#.#..........#
#..#.#..........#
...#.#..........#


You could see an endoplasm and a goblin.

Vanquished Creatures
  A ball python (D:1)
  A bat (D:1)
  An endoplasm (D:1)
  2 giant cockroaches (D:1)
  A quokka (D:1)
  A frilled lizard (D:1)
7 creatures vanquished.

Notes
Turn   | Place    | Note
-------+----------+-------------------------------------------
     0 | D:1      | browni3141 the Demonspawn Conjurer began the quest for the
                  | Orb.
     0 | D:1      | Reached XP level 1. HP: 13/13 MP: 3/3
    90 | D:1      | Found a faded altar of an unknown god.
   314 | D:1      | Gained mutation: You are partially covered in large bone
                  | plates. (SH +4) [demonic ancestry]
   314 | D:1      | Reached XP level 2. HP: 19/19 MP: 0/5
   323 | D:1      | Slain by a goblin

Illustrated notes

Levels and vault maps discovered:
D:1:      lightli_arrival_chessboard, layout_basic,
          ebering_ecumenical_altar_webs, minmay_misc_feat_five,
          serial_park_tiny_pond

Skill      XL: |  1 |
---------------+----+-----
Stealth        | 2 |  2.0
Dodging        | 2 |  2.0
Spellcasting   | |  2.1
Conjurations   | |  4.1

Action                     || total
---------------------------++-------
   Cast: Magic Dart        ||    15
 Armour: Robe              ||     6
  Dodge: Dodged            ||     6
